 Dungeon Crawl Stone Soup version 0.29.1-14-g9c671dbff4 (webtiles) character file.

Game seed: 9890462134907430342

92 Heoruswealwe the Caller (level 4, -1/37 HPs)
             Began as a Deep Elf Summoner on Feb 16, 2023.
             Slain by a black bear (5 damage)
             ... created by the rage of Trog
             ... on level 3 of the Dungeon.
             The game lasted 00:25:37 (2445 turns).

Heoruswealwe the Caller (Deep Elf Summoner)         Turns: 2445, Time: 00:25:38

Health: -1/37      AC:  2    Str:  5    XL:     4   Next: 35%
Magic:  9/10       EV: 13    Int: 22    God:
Gold:   100        SH:  0    Dex: 15    Spells: 5/9 levels left

rFire   . . .      SeeInvis .   c - +1 short sword (venom)
rCold   . . .      Faith    .   (no shield)
rNeg    . . .      Spirit   .   a - +0 robe
rPois   .          Reflect  .   (no helmet)
rElec   .          Harm     .   (no cloak)
rCorr   .          Rampage  .   (no gloves)
Will    .....                   (no boots)
Stlth   ..........              (no amulet)
HPRegen 0.12/turn               (no ring)
MPRegen 0.12/turn               (no ring)

@: berserking, very quick
A: no striking features
a: no special abilities


You were on level 3 of the Dungeon.
You visited 1 branch of the dungeon, and saw 3 of its levels.

You collected 100 gold pieces.

Inventory:

Hand Weapons
 c - a +1 short sword of venom (weapon)
 d - a +0 club
 e - a +0 club
 f - a +0 whip
 g - a +0 dagger
 k - a +0 whip
 l - a +0 flail
 n - a +0 dagger
 p - a +0 club
 q - a +0 club
 r - a +0 dagger
 s - a +0 club
 u - a +0 short sword
 v - a +0 dagger
 x - a +0 club
 y - a +0 spear
 z - a +0 club
 A - a +0 whip
Missiles
 o - 9 stones
 t - 4 poisoned darts
Armour
 a - a +0 robe (worn)
 h - a +0 leather armour
 w - a +0 scale mail
 B - a +0 robe
Scrolls
 m - a scroll of identify
Potions
 b - a potion of magic
 j - a potion of invisibility


   Skills:
 + Level 1.0 Fighting
 + Level 1.1 Long Blades
 + Level 3.0 Dodging
 + Level 3.1 Stealth
 - Level 3.0 Spellcasting
 - Level 0.1 Hexes
 - Level 4.4 Summonings
 - Level 0.1 Necromancy
 - Level 0.3 Ice Magic
 - Level 0.2 Air Magic
 + Level 1.4 Invocations
 + Level 1.3 Evocations


You had 5 spell levels left.
You knew the following spells:

 Your Spells              Type           Power      Damage    Failure   Level
a - Summon Small Mammal   Summ           88%        N/A       1%          1
b - Call Canine Familiar  Summ           22%        N/A       6%          3

Your spell library contained the following spells:

 Spells                   Type           Power      Damage    Failure   Level
 Call Imp                 Summ           22%        N/A       3%          2
 Summon Guardian Golem    Hex/Summ       13%        N/A       14%         3
 Summon Lightning Spire   Summ/Air       13%        N/A       43%         4


Dungeon Overview and Level Annotations

Branches:
Dungeon (3/15)

Altars:
Trog


Message History

The orc dies!
Trog sends monsters to punish you. 3 black bears come into view.
Okay, then.
A red film seems to cover your vision as you go berserk!
You feel yourself moving faster!
You feel mighty!
Your hound bites the black bear.
Your hound bites the black bear but does no damage.
You puncture the black bear!
The black bear looks as sick as possible!
The black bear is moderately wounded.
Your hound bites the black bear.
The black bear bites you! The black bear closely misses you.
The black bear claws you. The black bear bites you.
The black bear claws you but does no damage.
The black bear closely misses you.
You barely miss the black bear.
The black bear is heavily wounded.
The black bear bites you!
* * * LOW HITPOINT WARNING * * *
The black bear claws you but does no damage.
The black bear closely misses you.
Your hound barely misses the black bear.
The black bear closely misses you. The black bear completely misses you.
The black bear closely misses you.
You hit the black bear.
The black bear looks as sick as possible!
The black bear is heavily wounded.
The black bear barely misses you. The black bear claws you!
* * * LOW HITPOINT WARNING * * *
The black bear claws you but does no damage.
Your hound barely misses the black bear.
The black bear closely misses you. x2
The black bear claws you but does no damage.
You are too berserk!
You hit the black bear.
The black bear looks as sick as possible!
The black bear is severely wounded.
The black bear bites you.
You die...

#).
########..))#
#..hh@hh.#
#.########


You could see 3 black bears and a friendly hound (summoned).

Vanquished Creatures
  An adder (D:2)
  A worm (D:2)
  A bat (D:2)
  An endoplasm (D:1)
  2 goblins (D:1)
  A jackal (D:1)
  2 quokkas
  A rat (D:1)
10 creatures vanquished.

Vanquished Creatures (collateral kills)
  2 adders
  A worm (D:2)
  A dart slug (D:1)
  3 orcs (D:3)
  An endoplasm (D:1)
  A giant cockroach (D:2)
  7 goblins
  3 hobgoblins
  3 jackals (D:1)
  4 kobolds
  A quokka (D:2)
  4 ball pythons
  5 bats
  3 frilled lizards
  2 rats
41 creatures vanquished.

Vanquished Creatures (others)
  5 fungi (D:1)
  18 plants (D:1)
23 creatures vanquished.

Grand Total: 74 creatures vanquished

Notes
Turn   | Place    | Note
-------+----------+-------------------------------------------
     0 | D:1      | Heoruswealwe the Deep Elf Summoner began the quest for the
                  | Orb.
     0 | D:1      | Reached XP level 1. HP: 10/10 MP: 6/6
   431 | D:1      | Found a faded altar of an unknown god.
   649 | D:1      | Prayed at the altar of an unknown god.
   649 | D:1      | Became a worshipper of Trog the Wrathful
   649 | D:1      | Reached * piety under Trog
   651 | D:1      | Fell from the grace of Trog
   704 | D:1      | Reached XP level 2. HP: 15/15 MP: 5/8
  1331 | D:1      | Reached XP level 3. HP: 17/20 MP: 6/9
  1333 | D:1      | Reached skill level 1 in Invocations
  1426 | D:1      | Learned a level 3 spell: Call Canine Familiar
  1625 | D:2      | Reached skill level 1 in Evocations
  2000 | D:2      | Reached XP level 4. HP: 22/24 MP: 7/10
  2088 | D:2      | Reached skill level 1 in Long Blades
  2386 | D:1      | Learned a level 3 spell: Call Canine Familiar
  2436 | D:3      | Reached skill level 1 in Fighting
  2441 | D:3      | Noticed a black bear
  2441 | D:3      | Noticed a black bear
  2441 | D:3      | Noticed a black bear
  2445 | D:3      | Slain by a black bear

Illustrated notes

Levels and vault maps discovered:
D:1:      saegor_arrival_fortress, layout_basic,
          shapermc_ecumenical_altar_mp_ritualfount
D:2:      layout_loops_ring, feat_on_display
D:3:      layout_rooms, ashenzari_conservatory_becter,
          kennysheep_generic_room_15

Skill      XL: |  1  2  3  4 |
---------------+-------------+-----
Invocations    | 1 |  1.4
Evocations     | 1 |  1.3
Stealth        | 3 |  3.1
Dodging        | 3 |  3.0
Long Blades    | 1 |  1.1
Fighting       | 1 |  1.0
Spellcasting   | |  3.0
Hexes          | |  0.1
Summonings     | |  4.4
Necromancy     | |  0.1
Ice Magic      | |  0.3
Air Magic      | |  0.2

Action                   |  1- 3 |  4- 6 || total
-------------------------+-------+-------++-------
Melee: Short sword       |   136 |     5 ||   141
       Punch             |     2 |       ||     2
 Cast: Summon Small Mamm |    30 |       ||    30
       Call Canine Famil |     3 |     1 ||     4
Invok: Renounce Religion |     1 |       ||     1
  Use: Scroll            |     6 |     1 ||     7
       Potion            |     2 |     1 ||     3
 Stab: Sleeping          |     2 |       ||     2
Armor: Robe              |     8 |     4 ||    12
Dodge: Dodged            |    32 |    11 ||    43
